 Dungeon Crawl Stone Soup version 0.31-a0-182-gc5ef74bbde (webtiles) character file.

Game seed: 880315976445742555

7980 Conn the Arsonist (level 11, -10/58 (64) HPs)
             Began as an Octopode Fire Elementalist on June 21, 2023.
             Was a Priest of Sif Muna.
             Mangled by a spectral orc knight
             ... wielding a +3 battleaxe
             ... summoned by Nergalle
              (16 damage)
             ... on level 1 of the Lair of Beasts.
             The game lasted 00:24:31 (8570 turns).

Conn the Arsonist (Octopode Fire Elementalist)      Turns: 8570, Time: 00:24:32

HP:   -10/58 (64)   AC:  1    Str:  7    XL:     11   Next: 23%
MP:   23/23         EV: 13    Int: 29    God:    Sif Muna [***...]
Gold: 525           SH:  3    Dex: 12    Spells: 5/27 levels left

rFire   . . .        x - +2 dagger (protect)
rCold   . . .        G - +0 buckler
rNeg    . . .        (helmet restricted)
rPois   .            t - amulet of magic regeneration
rElec   .            j - ring of see invisible
rCorr   .            q - +6 ring of intelligence
SInv    +            d - ring of willpower
Will    +....        (no ring)
Stlth   ++++         (no ring)
HPRegen 0.29/turn    (no ring)
MPRegen 0.58/turn    (no ring)
                     (no ring)

%: no passive effects
@: drained
A: almost no armour, amphibious, 8 rings, camouflage 1, gelatinous body 1,
(nimble swimmer 1), tentacles
a: Renounce Religion, Channel Magic, Forget Spell


You were on level 1 of the Lair of Beasts.
You worshipped Sif Muna.
Sif Muna was most pleased with you.
You visited 3 branches of the dungeon, and saw 11 of its levels.

You collected 567 gold pieces.
You spent 42 gold pieces at shops.

Inventory:

Hand Weapons
 c - a +0 short sword
 l - a +2 whip of pain
 o - a +1 dagger of protection
 x - a +2 dagger of protection (weapon)
 A - a +5 dagger
Missiles
 e - 2 throwing nets
 B - a curare-tipped dart
Armour
 G - a +0 buckler (worn)
Jewellery
 d - a ring of willpower (on tentacle)
 j - a ring of see invisible (left tentacle)
 q - a +6 ring of intelligence (right tentacle)
 t - an amulet of magic regeneration (around mantle)
Wands
 n - a wand of polymorph (15)
 y - a wand of acid (14)
 C - a wand of roots (7)
 D - a wand of paralysis (1)
 E - a wand of mindburst (5)
Scrolls
 b - a scroll of vulnerability
 i - a scroll of brand weapon
 k - 3 scrolls of fear
 m - 2 scrolls of silence
 p - a scroll of amnesia
 s - a scroll of immolation
 u - 3 scrolls of blinking
 v - a scroll of noise
 z - 2 scrolls of teleportation
Potions
 a - 2 potions of magic
 f - 2 potions of attraction
 h - 2 potions of haste {unknown}
 r - 2 potions of brilliance {unknown}
 w - 2 potions of mutation {unknown}
 F - a potion of ambrosia {unknown}


   Skills:
 + Level 2.0 Fighting
 + Level 3.1 Short Blades
 + Level 1.1 Maces & Flails
 + Level 4.4 Dodging
 - Level 7.0 Stealth
 * Level 1.2 Shields
 + Level 8.5 Spellcasting
 * Level 6.5 Conjurations
 + Level 1.1 Hexes
 + Level 9.2 Fire Magic
 * Level 3.6 Ice Magic
 * Level 4.5 Invocations


You had 5 spell levels left.
You knew the following spells:

 Your Spells              Type           Power      Damage    Failure   Level
a - Foxfire               Conj/Fire      100%       2x1d9     1%          1
b - Scorch                Fire           100%       2d9       1%          2
c - Inner Flame           Hex/Fire       42%        N/A       2%          3
d - Flame Wave            Conj/Fire      55%        2d13      2%          4
e - Metabolic Englaciati  Hex/Ice        13%        N/A       58%         5
f - Hailstorm             Conj/Ice       41%        3d10      2%          3
g - Sticky Flame          Conj/Fire      55%        2d7       2%          4

Your spell library contained the following spells:

 Spells                   Type           Power      Damage    Failure   Level
 Freeze                   Ice            100%       1d10      1%          1
 Volatile Blastmotes      Fire/Tloc      78%        2d16      3%          3
 Ensorcelled Hibernation  Hex/Ice        52%        N/A       4%          2
 Frozen Ramparts          Ice            66%        1d10      4%          3
 Lesser Beckoning         Tloc           24%        N/A       11%         2
 Sublimation of Blood     Necr           12%        N/A       11%         2
 Wereblood                Tmut           12%        N/A       11%         2
 Tukima's Dance           Hex            19%        N/A       14%         3
 Portal Projectile        Hex/Tloc       30%        N/A       17%         3
 Gell's Gravitas          Tloc           12%        N/A       22%         3
 Spider Form              Tmut/Pois      12%        N/A       22%         3
 Teleport Other           Tloc           12%        N/A       22%         3
 Anguish                  Hex/Necr       7%         N/A       50%         4
 Animate Dead             Necr           12%        N/A       58%         4
 Petrify                  Tmut/Erth      12%        N/A       58%         4
 Blade Hands              Tmut           6%         N/A       90%         5
 Borgnjor's Vile Clutch   Necr/Erth      6%         N/A       90%         5
 Death Channel            Necr           6%         N/A       100%        6
 Statue Form              Tmut/Erth      8%         N/A       100%        6
 Summon Hydra             Summ           6%         N/A       100%        7
 Borgnjor's Revivificati  Necr           6%         N/A       100%        8
 Necromutation            Tmut/Necr      6%         N/A       100%        8
 Death's Door             Necr           6%         N/A       100%        9


Dungeon Overview and Level Annotations

Branches:
Dungeon (9/15)             Temple (1/1) D:5            Lair (1/5) D:9
    Orc: D:9-12

Altars:
Ashenzari
Cheibriados
Dithmenos
Elyvilon
Fedhas
Gozag
Hepliaklqana
Kikubaaqudgha
Makhleb
Nemelex Xobeh
Qazlal
Ru
Sif Muna
Uskayaw
Vehumet
Wu Jian
Xom
Yredelemnul
Zin
The Shining One

Shops:
D:7 !

Annotations:
Lair:1 Nergalle


Innate Abilities, Weirdness & Mutations

You cannot wear most types of armour.
You are amphibious.
You can wear up to eight rings at the same time.
Your skin changes colour to match your surroundings (Stealth+).
Your rubbery body absorbs attacks. (AC +1, EV +1)
((You are camouflaged when in or above water. (Stealth+)))
You have tentacles for arms and can constrict up to eight enemies at once.


Message History

The blink frog is severely wounded.
You finish channelling waves of flame.
You block the blink frog's attack.
Unknown command.
Casting: Flame Wave (dangerous; 2% risk of failure)
Confirm with . or Enter, or press ? or * to list all spells.
Casting: Flame Wave (dangerous; 2% risk of failure)
Press: ? - help, Dir - look around, f - activate A wave of flame ripples out!
The flame wave engulfs the blink frog.
The blink frog is almost dead. (Press . to intensify the flame waves.)
The blink frog completely misses you. The blink frog closely misses you.
Unknown command.
A wave of flame ripples out!
The flame wave engulfs the blink frog!
You kill the blink frog!
Sif Muna accepts your kill.
Your Fighting skill increases to level 2!
Unknown command.
A wave of flame ripples out!
You finish channelling waves of flame.
Unknown command.
Nergalle and a black mamba come into view.
Nergalle is wielding a +0 dagger of venom and wearing a +2 robe of positive energy.
Nergalle shouts!
Nergalle points at you and mumbles some strange words.
The bolt of negative energy hits you!!
You feel drained.
Okay, then.
Okay, then.
As you read the scroll of summoning, it crumbles to dust.
Wisps of shadow whirl around you...
Nergalle points at you and mumbles some strange words.
Orcish apparitions take form around you.
Unknown command.
Your cane toad stings the spectral orc!
The spectral orc is destroyed!
The spectral orc disappears in a puff of smoke!
The spectral orc warrior hits you with a +0 dire flail!!
* * * LOW HITPOINT WARNING * * *
You feel drained.
* * * LOW HITPOINT WARNING * * *
The spectral orc knight hits you with a +3 battleaxe!
You die...

#####..........
...............
S..........o... #..#
...## #.o## #....
#.ยง.# #... #Fl##
#..# #...####..# #
#Z@##.##..###.#
#Z...#.......#
P#...##......#.
.......#.###...###.
........###.....#.#.
######......###..#..
#..#..### ....#
#..###..##..... #..#
##.#..# ...#


You could see Nergalle (ally target), a spectral orc warrior (summoned), a
spectral orc knight (summoned), a friendly komodo dragon (summoned) and a
friendly cane toad (summoned).

Vanquished Creatures
  A hydra (D:8)
  A cane toad (Lair:1)
  A rime drake (D:9)
  An unseen horror (D:8)
  A hornet (D:9)
  5 blink frogs (Lair:1)
  A wyvern (D:9)
  2 water moccasins (D:7)
  An orc warrior (D:7)
  A sky beast (D:7)
  11 ice beasts
  4 ogres
  A wolf (D:9)
  5 centaurs
  3 phantoms
  2 kobold brigands
  2 bullfrogs
  2 gnoll sergeants
  4 scorpions
  8 wights
  18 killer bees
  3 electric eels (D:7)
  An orc priest (D:5)
  2 jellies (D:6)
  2 hounds
  A gnoll bouda (D:4)
  Crazy Yiuf (D:7)
  4 iguanas
  Ijyb (D:5)
  5 orc wizards
  21 gnolls
  6 adders
  A white imp (D:8)
  11 dart slugs
  15 orcs
  6 ball pythons
  2 bats (D:1)
  7 endoplasms
  4 giant cockroaches
  4 goblins
  11 hobgoblins
  3 quokkas
  3 frilled lizards
  13 kobolds
  2 rats (D:1)
  A spectral orc (D:9)
205 creatures vanquished.

Vanquished Creatures (others)
  A killer bee (D:8)
  398 foxfires
399 creatures vanquished.

Grand Total: 604 creatures vanquished

Notes
Turn   | Place    | Note
-------+----------+-------------------------------------------
     0 | D:1      | Conn the Octopode Fire Elementalist began the quest for the
                  | Orb.
     0 | D:1      | Reached XP level 1. HP: 11/11 MP: 3/3
   136 | D:1      | Reached XP level 2. HP: 17/17 MP: 3/5
   442 | D:1      | Reached XP level 3. HP: 11/21 MP: 1/6
  1247 | D:3      | Noticed a phantom
  1259 | D:3      | Killed a phantom
  1260 | D:3      | Reached skill level 1 in Short Blades
  1260 | D:3      | Reached skill level 4 in Fire Magic
  1260 | D:3      | Reached XP level 4. HP: 27/27 MP: 0/7
  1260 | D:3      | Reached XP level 5. HP: 32/32 MP: 0/8
  1263 | D:3      | Learned a level 2 spell: Scorch
  1267 | D:3      | Learned a level 3 spell: Inner Flame
  1924 | D:3      | Noticed a phantom
  1931 | D:3      | Killed a phantom
  1932 | D:3      | Reached skill level 1 in Maces & Flails
  1932 | D:3      | Reached XP level 6. HP: 26/37 MP: 0/10
  2609 | D:4      | Reached skill level 1 in Fighting
  2768 | D:3      | Learned a level 4 spell: Flame Wave
  2912 | D:4      | Reached skill level 5 in Fire Magic
  3237 | D:5      | Entered Level 5 of the Dungeon
  3242 | D:5      | Reached XP level 7. HP: 43/43 MP: 12/12
  3407 | D:5      | Found a staircase to the Ecumenical Temple.
  3421 | Temple   | Entered the Ecumenical Temple
  3699 | Temple   | Became a worshipper of Sif Muna the Loreminder
  3744 | D:5      | Reached skill level 5 in Stealth
  3803 | D:5      | Noticed Ijyb
  3808 | D:5      | Killed Ijyb
  4136 | D:5      | Reached skill level 5 in Spellcasting
  4136 | D:5      | Reached XP level 8. HP: 47/48 MP: 8/15
  4597 | D:6      | Reached skill level 6 in Fire Magic
  4927 | D:6      | Reached skill level 7 in Fire Magic
  5071 | D:6      | Reached XP level 9. HP: 53/53 MP: 15/18
  5335 | D:7      | Found Dakun's Distillery.
  5342 | D:7      | Reached * piety under Sif Muna
  5372 | D:7      | Bought a potion of lignification for 42 gold pieces
  5450 | D:7      | Reached skill level 1 in Invocations
  5630 | D:7      | Found a runed translucent door.
  5631 | D:7      | Noticed Crazy Yiuf
  5644 | D:7      | Learned a level 5 spell: Metabolic Englaciation
  5879 | D:7      | Reached ** piety under Sif Muna
  5919 | D:7      | Learned a level 3 spell: Hailstorm
  6268 | D:7      | Reached skill level 8 in Fire Magic
  6268 | D:7      | Reached skill level 1 in Ice Magic
  6512 | D:7      | Killed Crazy Yiuf
  6545 | D:8      | Noticed an unseen horror
  6548 | D:8      | Killed an unseen horror
  6549 | D:8      | Reached XP level 10. HP: 54/58 MP: 17/21
  6714 | D:8      | Noticed an eight-headed hydra
  6725 | D:8      | Killed an eight-headed hydra
  6726 | D:8      | Reached skill level 1 in Hexes
  6987 | D:8      | Found a glowing silver altar of Zin.
  7379 | D:9      | Learned a level 4 spell: Sticky Flame
  7381 | D:9      | Found a basalt altar of Yredelemnul.
  7481 | D:9      | Reached *** piety under Sif Muna
  7592 | D:9      | Reached skill level 5 in Conjurations
  7656 | D:9      | Found a staircase to the Lair.
  7690 | D:9      | Reached skill level 9 in Fire Magic
  7693 | D:9      | Reached XP level 11. HP: 6/64 MP: 18/23
  8356 | Lair:1   | Entered Level 1 of the Lair of Beasts
  8444 | Lair:1   | Reached skill level 1 in Shields
  8564 | Lair:1   | Noticed Nergalle
  8570 | Lair:1   | Mangled by a spectral orc knight

Illustrated notes

Levels and vault maps discovered:
D:1:      giann_horns, layout_basic
D:2:      kennysheep_six_static_rooms, layout_loops_cross, minivault_25,
          chequers_serial_rivers_micro_b
D:3:      layout_rooms, nicolae_the_louvre
D:4:      layout_basic
D:5:      layout_cave_pods, minmay_temple_entry_sparse_star, uniq_ijyb
D:6:      layout_basic, minmay_circle_x
D:7:      kennysheep_slugbush, layout_basic, dreamdust_princess_bridge,
          nicolae_stop_n_shop_1, uniq_crazy_yiuf_cottage
D:8:      layout_basic, kennysheep_mini_moat
D:9:      layout_roguey, yredelemnul_forgotten_temple_becter,
          hellmonk_lair_entry_icy
Temple:   mainiacjoe_temple_cubbyholes
Lair:1:   hellmonk_destroyed_diamonds, layout_small_grid, beast_lair_carwin_6,
          uniq_nergalle

Skill      XL: |  1  2  3  4  5  6  7  8  9 10 11 |
---------------+----------------------------------+-----
Stealth        | 3 4 5 6 7 |  7.0
Short Blades   | 1 2 3 |  3.1
Fire Magic     | 4 5 7 8 9 |  9.2
Maces & Flails | 1 |  1.1
Conjurations   | 2 4 6 |  6.5
Spellcasting   | 3 5 6 7 8 |  8.5
Fighting       | 1 2 |  2.0
Dodging        | 3 4 |  4.4
Invocations    | 2 4 |  4.5
Ice Magic      | 1 3 |  3.6
Hexes          | 1 |  1.1
Shields        | 1 |  1.2

Action                     |  1- 3 |  4- 6 |  7- 9 | 10-12 || total
---------------------------+-------+-------+-------+-------++-------
  Melee: Short sword       |    25 |       |       |       ||    25
         Tentacles         |     6 |       |     9 |       ||    15
         Constrict         |    11 |     1 |     8 |     1 ||    21
         Whip              |    10 |       |       |       ||    10
         Dagger            |       |     8 |    66 |     8 ||    82
         Punch             |       |       |     3 |       ||     3
   Cast: Foxfire           |    40 |    60 |    94 |    41 ||   235
         Scorch            |       |    19 |    42 |    14 ||    75
         Inner Flame       |       |     1 |     6 |     1 ||     8
         Flame Wave        |       |     1 |     6 |    14 ||    21
 Invoke: Channel Magic     |       |       |       |     1 ||     1
    Use: Scroll            |       |     6 |     6 |     3 ||    15
         Potion            |       |     1 |     4 |       ||     5
   Stab: Sleeping          |     7 |     2 |     7 |     4 ||    20
 Armour: Skin              |     1 |     1 |    35 |     3 ||    40
  Dodge: Dodged            |    11 |    21 |    44 |    38 ||   114
  Block: Buckler           |       |       |       |     1 ||     1

Table legend: (Time is in decaauts)
 A = Elapsed time spent in this place.
 B = Non-inter-level travel time spent in this place.
 C = Inter-level travel time spent in this place.
 D = Time resting spent in this place.
 E = Time spent auto-exploring this place.
 F = Levels seen in this place.
 G = Mean time per level.
                   A        B        C        D        E       F      G
               +--------+--------+--------+--------+--------+-----+--------+
         Total |   8561 |   8351 |    210 |    580 |   5336 |  11 |  778.3 |
       Dungeon |   8032 |   7857 |    175 |    580 |   4923 |   9 |  892.4 |
        Temple |    315 |    280 |     35 |      0 |    257 |   1 |  315.0 |
          Lair |    213 |    213 |      0 |      0 |    156 |   1 |  213.0 |
               +--------+--------+--------+--------+--------+-----+--------+

Top non-repeatable levels by time:
     D:7: 1206 daAuts
     D:9: 1019 daAuts
     D:3: 932 daAuts
     D:1: 930 daAuts
     D:6: 891 daAuts
     D:5: 888 daAuts
     D:8: 790 daAuts
     D:4: 786 daAuts
     D:2: 587 daAuts
  Temple: 315 daAuts
  Lair:1: 213 daAuts
